← All builds
Air / Cortex / Economy first / OBSERVED BUILD

Standard air

Cortex Air build order · Supreme Isthmus

The usual Cortex air game: Aircraft Plant just after the start, Advanced Metal Extractor around 7 minutes and Fusion Reactor around 11 minutes, making transports and fighters for the team while scaling economy normally.

Usually transports first (72%)

#eco #team support #air · 555 distinct matches · 116 players · 79% of Cortex Air games · team won 47% of 624 · Recently observed

HOW TO PLAY IT

Key timing: Aircraft Plant by 1:23

  1. Take 3 mex and open straight into Aircraft Plant.
  2. Finish Aircraft Plant, start pumping Valiant for escort duty.
  3. Get T2 constructor going to scale eco alongside air production.
  4. Add Advanced Metal Extractor to keep pace with team's economy.
  5. Bring Fusion Reactor online, keep making Hercules and Finch for allies.

Phase by phase

TYPICAL OF ITS 555 GAMES
  1. 1
  2. 2
  3. 3
PLAY THE OPENING

Follow the example game's first 6:00 step by step: what to build now, what comes next, and where it goes. At 1× it keeps pace with your own game.

  1. 1

    Up to the Aircraft Plant

    Economy
    • Metal Extractor3Mex
    • Wind Turbine4Wind
    Order
    1. Aircraft PlantAircraft Plant after 3 mex, 4 winddone ~1:22, middle half 1:13–1:35

    Some games also: energy storage (38%)

    By 1:03 in all: 3 mex · 4 wind

    The example game in this phase · 4 steps
    1. Mex ×3
    2. Wind ×4
    3. Energy storage
    4. Aircraft PlantAircraft Plantdone 1:29 · typical 1:22
  2. 2

    Aircraft Plant to 5:00

    Economy
    • Metal Extractor1Mex
    • Wind Turbine9Wind
    • Wind Turbine3Wind
    Builders
    • Construction Turret2 Con turret
    • Construction Aircraft1 Con aircraft
    Army
    • Valiant5 Valiant
    • Finch2 Finch for allies
    • Hercules2 Light transport for allies
    • Hephaestus1 Heavy transport for allies
    • Shuriken1 Shuriken

    Some games also: energy storage (45%) · light transport (44%) · converter (39%) · con turret (33%)

    By 5:00 in all: 3 mex · 1 mex · 13 wind · 3 wind · 1 energy storage · 2 con turret

    The example game in this phase · 36 steps
    1. Wind
    2. ValiantValiant
    3. Wind
    4. HerculesLight transportfor Beach sea
    5. Wind
    6. FinchFinchfor Beach sea
    7. Wind
    8. FinchFinchfor Geo sea
    9. Construction AircraftCon aircraft
    10. Wind
    11. ValiantValiant
    12. Wind ×2
    13. Con turret
    14. ValiantValiant
    15. Wind
    16. WhirlwindWhirlwind
    17. ShurikenShuriken
    18. Wind
    19. ShurikenShuriken
    20. Wind
    21. ShurikenShuriken
    22. Mex
    23. ValiantValiant ×3
    24. Con turret
    25. Wind
    26. ValiantValiant
    27. HerculesLight transportfor Tech
    28. HerculesLight transport
    29. ValiantValiant
    30. Converter
    31. Wind
    32. ValiantValiant
    33. Con turret
    34. Wind
    35. Con turret
    36. Construction BotCon bot
  3. 3

    5:00 to 10:00

    Economy
    • Wind Turbine20Wind
    • Wind Turbine5Wind
    • Energy Converter6Converter
    Order
    1. Aircraft PlantAircraft Plant after 18 wind, 17 wind, 6 converterin 58% of games
    Builders
    • Construction Turret4 Con turret
    Army
    • Valiant9 Valiant
    • Shuriken1 Shuriken

    Some games also: con aircraft (36%) · fusion (33%) · light transport (31%)

    By 10:00 in all: 3 mex · 1 mex · 24 wind · 20 wind · 8 converter · 1 energy storage

    The example game in this phase · 415 steps
    1. Wind
    2. Construction BotCon bot
    3. Con turret
    4. Wind
    5. Converter
    6. AnemoneAnemone
    7. Converter
    8. Wind ×7
    9. Mexfor Suicide front
    10. Wind ×5
    11. Con turret
    12. Mexfor Suicide front
    13. Wind ×2
    14. Con turret
    15. Wind
    16. Mexfor Suicide front
    17. ShipyardShipyarddone 6:58
    18. Wind ×2
    19. Advanced Metal ExtractorT2 mexdone 6:44 · typical 6:50
    20. Wind ×3
    21. Advanced Metal ExtractorT2 mex
    22. Wind ×2
    23. EelSubmarinefor Geo seadone 7:19
    24. Advanced Metal ExtractorT2 mex
    25. Wind
    26. Advanced Metal ExtractorT2 mex
    27. Wind
    28. Construction ShipCon shipfor Geo sea
    29. Wind ×2
    30. Bot LabBot Labdone 7:36
    31. SkaterSkaterfor Geo sea
    32. Construction BotCon bot
    33. Wind
    34. Construction BotCon bot
    35. DolphinDolphinfor Geo sea
    36. Construction BotCon bot
    37. Wind
    38. Construction BotCon bot
    39. DolphinDolphinfor Geo sea
    40. Construction BotCon bot ×2
    41. DolphinDolphinfor Geo sea
    42. Construction BotCon bot ×2
    43. DolphinDolphinfor Geo sea
    44. Construction BotCon bot
    45. Advanced Metal ExtractorT2 mex
    46. Construction BotCon bot
    47. DolphinDolphinfor Geo sea
    48. Wind ×2
    49. Construction BotCon bot
    50. Wind
    51. Aircraft PlantAircraft Plantdone 8:36
    52. Construction BotCon bot
    53. Wind ×2
    54. Construction BotCon bot
    55. Mex
    56. Wind ×2
    57. Construction BotCon bot
    58. Naval Radar / Sonar TowerNaval Radar / Sonar Tower
    59. Wind
    60. Construction BotCon bot
    61. Wind ×2
    62. ValiantValiant
    63. Wind
    64. ValiantValiant
    65. Wind ×2
    66. ValiantValiant
    67. Wind ×4
    68. Construction AircraftCon aircraft
    69. Advanced Metal ExtractorT2 mex
    70. Wind ×2
    71. Construction AircraftCon aircraft
    72. Wind ×2
    73. Con turret
    74. Wind ×2
    75. Con turret
    76. Wind ×3
    77. Construction AircraftCon aircraft
    78. Wind
    79. Con turret
    80. Wind ×4
    81. Construction AircraftCon aircraft
    82. Con turret
    83. Wind ×2
    84. Advanced Metal ExtractorT2 mex
    85. Wind ×2
    86. Con turret
    87. Wind
    88. ShurikenShuriken
    89. Wind ×2
    90. ShurikenShuriken
    91. Wind
    92. ShurikenShuriken
    93. Wind ×3
    94. ShurikenShuriken
    95. Wind
    96. ShurikenShuriken
    97. Wind ×4
    98. ShurikenShuriken ×2
    99. Wind ×3
    100. ShurikenShuriken
    101. Wind ×2
    102. ShurikenShuriken
    103. Wind ×2
    104. ShurikenShuriken
    105. Converter ×2
    106. Wind
    107. Construction AircraftCon aircraft
    108. Converter ×3
    109. Wind ×5
    110. ValiantValiant
    111. Wind ×2
    112. ValiantValiant
    113. Wind
    114. ValiantValiant
    115. Wind ×3
    116. ValiantValiant
    117. Wind ×2
    118. ValiantValiant
    119. Wind
    120. ValiantValiant
    121. Wind ×2
    122. ValiantValiant
    123. Wind ×3
    124. ValiantValiant
    125. Wind ×2
    126. ValiantValiant
    127. Advanced Metal ExtractorT2 mex
    128. ValiantValiant
    129. Wind ×4
    130. Converter
    131. ValiantValiant
    132. Wind ×2
    133. ValiantValiant
    134. Converter
    135. Wind
    136. ValiantValiant
    137. Wind ×2
    138. ValiantValiant
    139. Wind ×2
    140. ValiantValiant
    141. Wind
    142. Converter
    143. Wind
    144. Converter
    145. Wind
    146. ValiantValiant
    147. Wind ×2
    148. Converter
    149. Wind
    150. ValiantValiant
    151. Wind
    152. Converter
    153. Wind
    154. ValiantValiant
    155. Wind ×2
    156. Converter
    157. Wind ×3
    158. ValiantValiant
    159. Wind ×2
    160. Converter
    161. Wind
    162. ValiantValiant
    163. Converter
    164. Wind ×4
    165. Converter
    166. ValiantValiant
    167. Wind
    168. ValiantValiant
    169. Converter
    170. Wind ×2
    171. ValiantValiant
    172. Wind
    173. Converter
    174. Wind
    175. ValiantValiant
    176. Converter
    177. ValiantValiant
    178. Wind
    179. ValiantValiant
    180. Wind
    181. Advanced Bot LabAdvanced Bot Labdone 12:17
    182. Wind ×2
    183. ValiantValiant
    184. Wind
    185. ValiantValiant
    186. Converter ×2
    187. ValiantValiant
    188. Wind
    189. ValiantValiant
    190. Wind ×4
    191. ValiantValiant ×2
    192. Wind
    193. ValiantValiant
    194. Converter
    195. Wind ×2
    196. ValiantValiant
    197. Wind ×2
    198. ValiantValiant
    199. Converter
    200. ValiantValiant
    201. Wind
    202. ValiantValiant
    203. Converter
    204. Wind ×3
    205. ValiantValiant
    206. Wind
    207. Converter ×2
    208. ValiantValiant ×2
    209. Wind
    210. ValiantValiant
    211. Wind ×3
    212. ValiantValiant
    213. Wind
    214. Converter
    215. ValiantValiant
    216. Converter ×2
    217. ShurikenShuriken ×2
    218. Wind ×3
    219. ShurikenShuriken
    220. WelderWelder
    221. Wind ×2
    222. ShurikenShuriken ×2
    223. Converter
    224. ShurikenShuriken
    225. Converter
    226. Wind ×2
    227. ShurikenShuriken
    228. Wind ×2
    229. ShurikenShuriken
    230. Wind
    231. ShurikenShuriken
    232. CompassRadar bot
    233. ShurikenShuriken
    234. Converter
    235. ValiantValiant
    236. Wind ×3
    237. ValiantValiant
    238. Wind
    239. SmugglerJammer bot
    240. Wind
    241. Converter
    242. ValiantValiant ×2
    243. Converter
    244. Wind
    245. ValiantValiant
    246. Wind ×2
    247. SharpshooterSniper botnot finished by 15:00
    248. Wind ×2
    249. ValiantValiant
    250. SharpshooterSniper bot
    251. ValiantValiant ×2
    252. SharpshooterSniper bot
    253. Wind
    254. Converter
    255. Wind ×2
    256. Converter
    257. ValiantValiant
    258. Converter
    259. Wind ×2
    260. ValiantValiant ×2
    261. Wind
    262. ValiantValiant
    263. Wind ×2
    264. Converter
    265. Wind
    266. ValiantValiant
    267. Wind
    268. ValiantValiant
    269. Converter ×2
    270. ValiantValiant
    271. Wind
    272. ValiantValiant
    273. Wind ×4
    274. ValiantValiant
    275. Con turret
    276. Converter
    277. Con turret
    278. Converter
    279. Wind ×4
    280. Con turret
    281. Wind
    282. ShurikenShuriken
    283. ValiantValiant
    284. Converter
    285. Con turret
    286. Converter
    287. Wind ×3
    288. Con turret
    289. Wind ×2
    290. ShurikenShuriken
    291. Con turret
    292. ValiantValiant
    293. Wind ×2
    294. ShurikenShuriken
    295. Wind ×2
    296. ValiantValiant
    297. Wind
    298. Converter ×2
    299. ShurikenShuriken
    300. Converter
    301. ValiantValiant
    302. ShurikenShuriken
    303. ValiantValiant
    304. ShurikenShuriken
    305. Wind ×2
    306. ShurikenShuriken
    307. Wind ×2
    308. ShurikenShuriken
    309. Wind
    310. ShurikenShuriken ×4
    311. Converter ×2
    312. Wind
    313. ShurikenShuriken ×2
    314. Wind
    315. ShurikenShuriken
    316. Wind
    317. Converter
    318. Wind
    319. ShurikenShuriken
    320. Wind
    321. ShurikenShuriken ×4
    322. Wind
    323. ShurikenShuriken
    324. Wind
    325. ShurikenShuriken
    326. Wind ×3
    327. ShurikenShuriken
    328. Converter
    329. ShurikenShuriken
    330. Converter
    331. ShurikenShuriken
    332. Converter
    333. ShurikenShuriken ×2
    334. Wind
    335. ShurikenShuriken
    336. Converter
    337. Wind
    338. ShurikenShuriken ×2
    339. Wind ×3
    340. ShurikenShuriken ×4
    341. Converter
    342. ShurikenShuriken ×2
    343. Wind ×4
    344. ShurikenShuriken
    345. Wind
    346. ShurikenShuriken ×2
    347. Converter
    348. ShurikenShuriken ×3
    349. Converter
    350. ShurikenShuriken
    351. Wind ×3
    352. ShurikenShuriken
    353. Wind ×2
    354. ShurikenShuriken
    355. Converter
    356. ShurikenShuriken ×5
    357. Converter
    358. Wind
    359. ShurikenShuriken
    360. Wind ×3
    361. ShurikenShuriken ×2
    362. Wind
    363. ShurikenShuriken
    364. Bot LabBot Labdone 14:19
    365. ShurikenShuriken
    366. Converter
    367. ShurikenShuriken
    368. Converter
    369. Wind
    370. ShurikenShuriken
    371. Wind ×3
    372. ShurikenShuriken
    373. Wind
    374. ShurikenShuriken ×2
    375. Converter
    376. ShurikenShuriken ×3
    377. Wind ×2
    378. ShurikenShuriken ×2
    379. Converter
    380. Wind ×2
    381. ShurikenShuriken
    382. Converter
    383. Wind
    384. ShurikenShuriken
    385. ValiantValiant
    386. Converter
    387. ValiantValiant ×2
    388. Wind
    389. ValiantValiant
    390. Wind ×2
    391. GraverobberGraverobber
    392. Wind ×2
    393. ValiantValiant
    394. Converter
    395. GraverobberGraverobber
    396. ValiantValiant
    397. Converter
    398. Wind
    399. Converter
    400. Wind
    401. GruntGrunt
    402. Wind
    403. ValiantValiant
    404. Wind
    405. GruntGrunt
    406. Wind
    407. GruntGrunt ×2
    408. Wind ×2
    409. GruntGrunt
    410. Converter
    411. Wind
    412. Converter
    413. GruntGrunt
    414. Wind ×2
    415. GruntGrunt ×2

Counts are medians over the build's games: half of them build more, half fewer. The example game is StoicMoose42's (35 OS, 11/09/2026); pick another.

Team trades

IN AT LEAST 30% OF ITS GAMES

You hand over

  • Finch2 Finch to Geo sea or Beach seafirst at 1:51 · in 96% of games
  • Hercules3 Light transport to Tech or Geo sea or Geofirst at 2:06 · in 99% of games
  • Hephaestus1 Heavy transport to Beach sea or Pond or Techfirst at 2:26 · in 74% of games

You get

  • Wind Turbine3 Wind from Beach sea or Geo seafirst at 1:40 · in 64% of games
  • Wind Turbine3 Wind from Beach sea or Geo sea or Pondfirst at 1:44 · in 48% of games
  • Construction Bot1 Con bot from Techfirst at 2:20 · in 85% of games
  • Advanced Construction Bot1 T2 con bot from Techfirst at 6:03 · in 94% of games

How it plays out

Typical game of this build, running totals by minute

Metal produced

010k20k30k
0:005:0010:0015:00

metal

Enemy metal destroyed

01k2k3k
0:005:0010:0015:00

metal

Own metal lost

01k2k3k
0:005:0010:0015:00

metal

624 games.

Show as table
ByMetal produced: This buildEnemy metal destroyed: This buildOwn metal lost: This build
1:0039300
2:0092500
3:00145900
4:002053051
5:00276573109
6:003759125167
7:005136190219
8:007017225290
9:009298258342
10:0011788328471
11:0014383440641
12:0017097606958
13:00199439331269
14:002265314171801
15:002554320602701
WHAT THE NUMBERS SAY

This is the role's standard support job, winning less than half its games while producing little combat impact but reliably feeding transports and scouts to teammates.

  • + Reaches Aircraft Plant almost immediately (1:23), fast T2 constructor by 5:58.
  • + Keeps own losses low (2789 by 15:00) versus other roles.
  • − Destroys only 2027 enemy metal by 15:00, minimal combat contribution.
  • − Fusion Reactor only completes in 57% of games, some games stall on eco.
THE EXAMPLE YOU ARE READING

StoicMoose42

35.5 OS · 11/09/2026

Open source match ↗

27 received units · includes a constructor
510 metal received · 42734 energy received

Allied construction assistance is unknown. Timings are observations, not a promise of solo reproducibility.

Typical milestones

Aircraft Plant1:22Middle 50%: 1:13–1:35 · n=624
Advanced Metal Extractor6:50Middle 50%: 6:21–7:26 · n=599
Fusion Reactor10:56Middle 50%: 10:03–12:16 · n=383

Played most by

DRM37games of this buildAdeus33games of this buildCentientWaffle32games of this buildNutzz28games of this buildImmort26games of this build